Map: Turbo Cruise '84 LE

Players

Mez - Winner!

  • Race: Terran Terran
  • League: Master
  • Spawn Location: 3:00

Truze

  • Race: Zerg Zerg
  • League: Master
  • Spawn Location: 7:00

VOD

Have the link to the VOD?

Description

Time

  • Played on: Aug. 13, 2019, 8:13 a.m.
  • Length: 12:45
Show
View Real Time Build Order
Export as new Build Order

Mez Terran - Winner!

Build Orders: Liberator Opening, Reaper Expand 

Get SALT Encoding   

  12  0:01  SCV  
  13  0:13  SCV  
  14  0:17  Supply Depot  
  14  0:25  SCV  
  15  0:39  SCV  
  15  0:40  Barracks  
  16  0:44  Refinery  
  16  0:51  SCV  
  17  1:03  SCV  
  18  1:15  SCV  
  19  1:28  Reaper, Orbital Command  
  20  1:42  Command Center  
  20  1:51  Supply Depot  
  20  1:54  SCV  
  20  2:01  Marine  
  22  2:06  SCV  
  23  2:15  Factory  
  23  2:19  Refinery  
  23  2:22  SCV  
  24  2:23  Barracks Reactor  
  24  2:40  SCV  
  25  2:52  SCV  
  26  3:06  Starport  
  26  3:07  SCV  
  26  3:08  Orbital Command  
  26  3:09  Hellion  
  26  3:10  Hellion  
  31  3:13  Barracks Tech Lab  
  30  3:20  SCV  
  31  3:27  Liberator  
  31  3:28  Supply Depot  
  31  3:31  Hellion x2  
  31  3:32  SCV  
  36  3:41  SCV  
  36  3:44  SCV  
  41  3:53  SCV, Supply Depot  
  42  4:00  SCV  
  43  4:04  Hellion x2  
  43  4:05  SCV  
  43  4:06  Stimpack  
  48  4:13  SCV  
  49  4:18  SCV  
  50  4:32  Command Center  
  50  4:33  SCV x2  
  50  4:38  Starport Reactor  
  52  4:40  Factory Reactor  
  52  4:43  Barracks x2  
  52  4:53  SCV x2  
  54  5:04  Supply Depot  
  54  5:05  SCV x2  
  56  5:07  Refinery  
  51  5:22  SCV x2  
  51  5:25  Barracks x2  
  51  5:26  Marine  
  54  5:32  Refinery, Factory Reactor  
  54  5:34  Marine x2  
  56  5:39  Engineering Bay  
  56  5:40  Engineering Bay  
  56  5:42  Marine x2  
  58  5:43  Marine, Medivac x2  
  58  5:48  SCV x2  
  65  5:51  Marine x2  
  65  5:55  Orbital Command  
  64  6:00  Marine x2  
  64  6:01  Marine  
  64  6:02  SCV x2  
  69  6:08  Supply Depot  
  69  6:09  Marine, Combat Shield  
  70  6:14  SCV x2  
  70  6:15  Terran Infantry Weapons Level 1  
  70  6:18  Terran Infantry Armor Level 1  
  72  6:19  Orbital Command  
  72  6:20  Barracks Reactor  
  72  6:21  Barracks Reactor  
  72  6:26  SCV  
  72  6:32  Marine x4  
  76  6:34  SCV  
  76  6:38  Supply Depot  
  76  6:39  Supply Depot  
  78  6:40  Marine  
  78  6:44  Widow Mine  
  78  6:46  SCV x3  
  84  6:50  Marine  
  84  6:51  Supply Depot  
  85  6:58  Marine  
  85  6:59  Marine  
  85  7:00  Marine x4  
  84  7:06  Marine x2  
  84  7:07  SCV x3, Marine  
  84  7:19  Marine x6  
  90  7:27  SCV x3, Marine x3  
  90  7:29  Widow Mine x2  
  100  7:36  Marine  
  99  7:37  Marine x5, Supply Depot  
  99  7:39  SCV x3  
  99  7:43  Supply Depot  
  99  7:44  Supply Depot  
  108  7:45  Marine  
  108  7:51  SCV x3  
  110  7:52  Marine x2  
  110  7:54  Marine  
  110  7:57  Factory  
  115  8:03  SCV  
  115  8:05  Marine x2  
  116  8:06  Marine x4  
  116  8:09  Marine  
  116  8:10  Marine  
  124  8:16  Marine  
  124  8:17  Widow Mine  
  124  8:18  Widow Mine  
  124  8:19  Medivac x2  
  133  8:20  SCV x3  
  133  8:23  Marine x4, Command Center  
  133  8:24  Supply Depot  
  133  8:26  Supply Depot  
  140  8:28  Supply Depot  
  139  8:37  Marine x2  
  141  8:42  Factory Tech Lab  
  141  8:43  Marine x4  
  141  8:44  Widow Mine x2  
  141  8:45  Marine x3  
  141  8:46  Armory  
  152  8:49  Medivac x2  
  152  8:55  Marine  
  157  9:00  Marine  
  157  9:01  Marine x2  
  160  9:03  Widow Mine  
  121  9:26  Marine  
  121  9:27  Marine x8  
  125  9:35  Terran Infantry Armor Level 2, SCV x2, Terran Infantry Weapons Level 2  
  127  9:44  Marine x5  
  127  9:45  Marine x4  
  134  9:48  Widow Mine x3  
  140  9:52  Supply Depot  
  140  9:55  Supply Depot  
  140  9:56  Barracks  
  140  9:57  Barracks x2  
  140  10:02  Marine x8  
  140  10:03  Marine  
  145  10:20  Marine  
  145  10:21  Marauder  
  146  10:22  Planetary Fortress  
  146  10:24  Missile Turret  
  146  10:25  Missile Turret  
  146  10:27  Missile Turret  
  146  10:31  Marine x4  
  146  10:34  Missile Turret, Thor  
  146  10:35  Widow Mine  
  158  10:37  Missile Turret  
  158  10:47  Marine, Marauder, Barracks Tech Lab x3  
  161  10:55  Marine  
  161  10:56  Marine x5  
  167  11:08  Marauder  
  167  11:09  Refinery  
  167  11:10  Refinery  
  161  11:12  Refinery  
  161  11:14  Refinery  
  161  11:18  Marine x6, Marauder x3  
  168  11:21  Thor  
  168  11:22  Widow Mine x2  
  183  11:29  Marauder  
  180  11:51  Marauder  
  159  11:58  Marine  
  159  11:59  Marine  
  159  12:00  Marine x9  
  149  12:03  Widow Mine x2, Medivac  
  149  12:04  Medivac  
  157  12:12  Marine  
  158  12:16  Marine  
  158  12:17  Marine  
  158  12:18  Marine x9  
  155  12:25  Command Center  
Show
View Real Time Build Order
Export as new Build Order

Truze Zerg 

Build Orders: Hatch First, Muta Ling Bane 

Get SALT Encoding   

  12  0:00  Drone  
  13  0:12  Overlord  
  13  0:17  Drone  
  14  0:30  Drone x2  
  16  0:49  Hatchery  
  15  0:53  Drone  
  15  0:56  Drone  
  17  1:00  Drone  
  18  1:09  Extractor  
  17  1:15  Spawning Pool  
  16  1:18  Drone  
  16  1:21  Drone  
  18  1:29  Drone  
  19  1:38  Drone  
  20  1:49  Overlord  
  20  2:01  Queen  
  20  2:02  Queen  
  20  2:03  Zergling x4  
  26  2:09  Metabolic Boost  
  26  2:11  Drone  
  26  2:13  Drone  
  28  2:24  Drone x2  
  30  2:36  Overlord  
  29  2:37  Queen  
  29  2:41  Drone  
  32  2:46  Pneumatized Carapace  
  32  2:50  Drone x2  
  34  3:09  Drone x4  
  38  3:14  Hatchery  
  37  3:22  Drone  
  37  3:24  Drone  
  37  3:26  Drone  
  40  3:27  Drone x2  
  40  3:32  Drone  
  43  3:37  Overlord  
  42  3:49  Drone  
  42  3:50  Drone  
  42  3:52  Drone, Extractor x2  
  42  3:53  Drone  
  42  3:54  Overlord  
  44  4:05  Evolution Chamber  
  44  4:06  Evolution Chamber  
  44  4:08  Overlord  
  42  4:10  Zergling x10  
  42  4:13  Queen  
  49  4:25  Drone x5  
  49  4:27  Queen  
  56  4:33  Drone x2  
  56  4:34  Drone x2, Extractor  
  56  4:37  Zerg Melee Weapons Level 1  
  56  4:38  Zerg Ground Armor Level 1  
  59  4:44  Overlord  
  59  4:52  Overlord  
  59  4:54  Lair  
  59  4:56  Drone  
  59  4:58  Baneling Nest  
  59  5:00  Drone  
  59  5:01  Drone x3  
  59  5:05  Spore Crawler  
  49  5:24  Drone  
  49  5:25  Drone x6  
  49  5:26  Drone x2  
  58  5:31  Drone x3  
  58  5:33  Spore Crawler  
  60  5:46  Drone x6  
  60  5:48  Drone  
  67  5:55  Zergling x2  
  68  6:05  Drone  
  68  6:07  Drone, Extractor  
  68  6:08  Drone x4  
  68  6:09  Extractor  
  68  6:11  Zergling x10  
  77  6:13  Centrifical Hooks  
  77  6:17  Spire  
  76  6:19  Drone  
  76  6:22  Zergling x2  
  76  6:23  Zergling x2  
  79  6:38  Drone x4  
  79  6:39  Drone x2  
  85  6:41  Zergling x2  
  85  6:43  Zerg Ground Armor Level 2, Zerg Melee Weapons Level 2  
  85  6:44  Overseer  
  86  6:51  Zergling x6  
  86  6:53  Hatchery  
  88  6:58  Zergling x2  
  88  6:59  Zergling x10  
  78  7:10  Zergling x2  
  78  7:11  Zergling x10  
  81  7:20  Zergling x2  
  81  7:21  Zergling x10  
  82  7:30  Zergling x4  
  82  7:36  Drone  
  85  7:37  Drone  
  85  7:46  Baneling x2  
  85  7:47  Baneling x2  
  85  7:48  Baneling  
  85  7:50  Baneling x5  
  84  7:51  Zergling x8  
  88  8:00  Zerg Flyer Weapons Level 1  
  88  8:05  Zergling x2  
  88  8:06  Zergling x8  
  88  8:07  Baneling x2  
  88  8:08  Baneling x3  
  93  8:15  Mutalisk  
  93  8:16  Extractor, Mutalisk  
  93  8:18  Overlord x3  
  93  8:19  Overseer  
  95  8:28  Mutalisk  
  95  8:35  Spore Crawler  
  95  8:38  Drone x8  
  102  8:41  Queen  
  102  8:47  Mutalisk  
  102  8:48  Mutalisk x3  
  110  8:52  Baneling x2  
  112  8:59  Queen  
  114  9:07  Zergling x2  
  114  9:08  Zergling x8  
  119  9:11  Baneling x6  
  119  9:14  Extractor  
  97  9:34  Zergling x26  
  97  9:35  Zergling x6  
  108  9:41  Queen  
  108  9:44  Zergling x8  
  111  9:59  Baneling x4  
  111  10:00  Baneling x2  
  111  10:01  Overlord  
  111  10:02  Overlord  
  111  10:04  Queen  
  110  10:24  Zerg Flyer Weapons Level 2  
  110  10:27  Drone  
  110  10:28  Drone x6  
  117  10:29  Drone x2  
  117  10:31  Zergling x2  
  117  10:32  Zergling x14  
  117  10:33  Baneling x9  
  127  10:36  Overlord x2  
  127  10:38  Infestation Pit  
  126  10:51  Baneling  
  126  10:52  Baneling x4  
  126  10:53  Baneling x4  
  126  11:08  Mutalisk  
  126  11:09  Mutalisk x7  
  142  11:12  Overlord  
  142  11:13  Overlord x2  
  142  11:15  Overseer  
  142  11:20  Hive  
  142  11:34  Overseer  
  142  11:36  Zergling x30  
  142  11:39  Zergling x4  
  131  11:56  Zergling x2  
  131  11:57  Zergling x14  
  127  12:03  Zergling x8  
  127  12:07  Zergling x6  
  132  12:10  Zergling x2  
  128  12:17  Zergling x10  
  113  12:23  Zergling x4  
Tags
 
Add a new tag
Caveats
  • Supply blocks, unpowered buildings, or Contaminate may cause inaccurate times.
  • Supply counts are checked every 10 seconds.